cohdb
Replays
Latest Replays
All Replays
Popular Replays
Top Player Replays
Match Explorer
How It Works
Community
CoH3 Stats
Reddit
Sign in to upload your games and track your stats! →
Sign in with Steam
Match 40055103
Unlisted
Match 40055103
Overview
Messages
Build Orders
End
Kradschützen Motorcycle Team
Selects Armored Support Battlegroup
250 Light Carrier
Panzergrenadier Squad
Panzergrenadier Squad
Construct Light Support Kompanie
Selects Superior Fire Drills
Construct Mechanized Kompanie
Panzerjäger Squad
Panzergrenadier Squad
Selects Salvage Kits
Support Armor Elements
Assault Mechanized Group
StuG III D Assault Gun
StuG III D Assault Gun
Assault Mechanized Group
deadsadbadmad
Alessandro-9891
Esdra
dracfireblack
0
0
Comments
sign in to comment!
No comments posted yet!